Workbook
Name a: #REF!
Name a: #REF!
Name ＥＡ: '[1]基本 (2)'!$AF$6
Name ＨＥＬＰ: #REF!
Name ko: #REF!
Name NO: '[1]基本 (2)'!$A$5
Name PRINT_AREA_MI: #REF!
Name PRINT_AREA_MI: #REF!
Name q: #REF!
Name ｔ: #REF!
Name ｔ: #REF!
Name あ: #REF!
Name あ: #REF!
Name あああ: [2]ﾃﾞｰﾀ!$K$3:$K$100
Name い: #REF!
Name い: #REF!
Name いいい: #REF!
Name う: #REF!
Name う: #REF!
Name え: #REF!
Name え: #REF!
Name お: #REF!
Name お: #REF!
Name か: #REF!
Name か: #REF!
Name き: #REF!
Name き: #REF!
Name く: #REF!
Name く: #REF!
Name グループ: #REF!
Name グループ: #REF!
Name け: #REF!
Name け: #REF!
Name こ: #REF!
Name こ: #REF!
Name さ: #REF!
Name さ: #REF!
Name し: #REF!
Name し: #REF!
Name す: #REF!
Name す: #REF!
Name せ: #REF!
Name せ: #REF!
Name そ: #REF!
Name そ: #REF!
Name た: #REF!
Name た: #REF!
Name ち: #REF!
Name ち: #REF!
Name つ: #REF!
Name つ: #REF!
Name っっっｋ: #REF!
Name て: #REF!
Name て: #REF!
Name と: #REF!
Name と: #REF!
Name な: #REF!
Name な: #REF!
Name に: #REF!
Name に: #REF!

Sheet 公告
AJ4: =AS29 -> 69
AJ5: =AS30 -> 46280
E7: 公 告
T12: 分任契約担当官 陸上自衛隊武山駐屯地 | AX12: 分任契約担当官 陸上自衛隊武山駐屯地 | AY12: 第４０７会計隊長 | AZ12: 武智 勝則
T13: 第４０７会計隊長 渡邊 竜也 | AY13: 分任契約担当官代理 陸上自衛隊武山駐屯地 | AZ13: 第４０７会計隊契約班長 | BA13: 三木 雄一
T14: （公印省略）
D15: 一 般 競 争 入 札 に つ い て 、 下 記 の と お り 公 告 す る 。
D18: 1 | F18: 一般競争に付する事項
E19: -1 | F19: 件名等
G20: 件名 | O20: 規格 | S20: 単位 | U20: 数量 | AL20: 備考
G21: 南４号隊舎空調機等借上役務 | O21: 仕様書のとおり | S21: ST | U21: 1 | AL21: 仕様書番号 R8-73
E25: -2 | F25: 履行期限 | I25: =AS31 -> 46356
F26: (使用期間 | I26: 契約日～令和8年10月30日(金）)
E27: -3 | F27: 履行場所 | I27: 陸上自衛隊武山駐屯地
D29: 2 | F29: 入札参加資格 | AR29: 公告番号 | AS29: 69 | AT29: 文字列
E30: -1 | G30: 予算決算及び会計令（以下「予決令」という。）第７０条の規定に該当しない者であること。なお、未成年者、被保佐人 | AR30: 公告年月日 | AS30: 46280
F31: 又は被補助人であって、契約締結のために必要な同意を得ている者は、同条中、特別の理由がある場合に該当する。 | AR31: 履行期限 | AS31: 46356 | AT31: 初日
E32: -2 | G32: 予決令第７１条の規定に該当しない者であること。 | AR32: 履行期限〆 | AT32: 末日（あれば）
E33: -3 | G33: 令和７・８・９・年度の全省庁統一資格において「役務の提供等」の等級が「A～C」に格付けされ | AR33: 入札日 | AS33: 46297
F34: 関東・甲信越地域の資格を有する者であること。 | AR34: 入札時間 | AS34: 0.45833333
E35: -4 | G35: 契約担当官等から指名停止等の措置を受け、現在その期間中の者でないこと。（協力業者を含む） | AR35: 入札参加希望 | AS35: =AS33-1 -> 46296 | AT35: 入札前日
E36: -5 | G36: 防衛省大臣官房衛生監、防衛政策局長、防衛装備庁長官又は陸上幕僚長から「装備品等及び役務の調達に係る | AR36: 再度入札日 | AS36: 別示する | AT36: ２日後同時刻
F37: 指名停止等の要領」に基づく指名停止の措置を受けている期間中の者でないこと。 | AR37: 郵便入札 | AS37: =AS35 -> 46296 | AT37: 前日か当日
E38: -6 | G38: 前号により現に指名停止を受けている者と資本関係又は人的関係のある者であって、当該者と同種の物品の売買 | AR38: 郵便締切時間 | AS38: 0.66666667
F39: 又は製造若しくは役務請負について防衛省と契約を行おうとする者でないこと。 | AR39: 入札会場 | AS39: 諸隊教場
E40: -7 | G40: 原則、現に指名停止を受けている者の下請負については認めない。ただし、真にやむを得ない事由を該当する省 | AR40: 談話室 | AS40: 陸上自衛隊 武山駐屯地 談話室 （北１号隊舎２階）
F41: 指名停止権者が認めた場合には、この限りではない。 | AR41: 諸隊教場 | AS41: 陸上自衛隊 武山駐屯地 諸隊教場 （北１号隊舎１階）
G43: 0
D45: ３ | F45: 契約条項を示す場所
F46: 陸上自衛隊 武山駐屯地 第４０７会計隊 契約班 | AR46: 0.66666667 | AS46: 0.45833333
F47: 東部方面会計隊ウェブサイト（https://www.mod.go.jp/gsdf/eae/kaikei/eafin/index.html)
D49: 4 | F49: 入札日時及び場所
E50: -1 | G50: 日時 | O50: =AS33 -> 46297 | S50: =TEXT(O50,"aaa") -> 金 | T50: =AS34 -> 0.45833333 | W50: =TEXT(WEEKDAY(O50),"（AAA）") -> (金) | Y50: 0.4375 | AR50: 陸上自衛隊 武山駐屯地 第４０２教場 （北１号隊舎４階） | AS50: （北１号隊舎1階）
E51: -2 | G51: 会場 | O51: =VLOOKUP(AS39,AR40:AS41,2,FALSE) -> 陸上自衛隊 武山駐屯地 諸隊教場 （北１号隊舎１階） | X51: 第402教場 | AE51: =VLOOKUP(X51,AR49:AS52,2,FALSE) -> （北１号隊舎4階） | AR51: 陸上自衛隊 武山駐屯地 諸隊教場 （北１号隊舎１階） | AS51: （北１号隊舎1階）
AR52: 第402教場 | AS52: （北１号隊舎4階）
D53: ５ | F53: 保証金等に関する事項 | AR53: 第304教場 | AS53: （北１号隊舎3階）
E54: -1 | G54: 入札保証金 | M54: ： | N54: 免除とする。ただし落札者が「入札及び契約心得」に従って契約の締結手続きをしない場合には、
N55: 落札者が契約締結に応じないものとみなし、落札金額の１００分の５に相当する金額を違約金として
N56: 徴収する。
E57: -2 | G57: 契約保証金 | M57: ： | N57: 免除とする。ただし契約者が契約を履行しない場合、落札金額の10/100に相当する金額以上を
N58: 違約金として徴収する。
E59: -3 | G59: 遅延賠償 | M59: ： | N59: 遅延部分１日につき、落札金額の1/1000に相当する金額以上を徴収する。
D61: ６ | F61: 入札の無効
E62: -1 | G62: 第２項に示す競争入札に参加する資格のない者が行った入札。
E63: -2 | G63: 電報、電話、ファックス等による入札。
E64: -3 | G64: 郵便等による入札で、会計隊又は業務隊総務科に下記期限までに未着のもの。 | AR64: 「物品の製造」の等級がＢ・Ｃ・Ｄの者
E65: -4 | G65: 入札書に記載された入札金額、入札者の氏名及び押印された印影が判別しがたい場合。 | AR65: 「役務の提供等」の等級がＤ以上の者
E66: -5 | G66: その他入札に関する条件に違反した場合。
E67: -6 | G67: 入札後契約締結するまでの間に、都道府県から暴力団関係業者として防衛省が発注する役務等から排除 | AR67: 「物品の製造」又は「役務の提供等」の等級がＢ・Ｃ・Ｄの者
F68: するよう申請があり、当該状態が継続してしている者による入札。
D70: ７ | F70: 落札決定方法
E71: -1 | G71: 総額による。
E72: -2 | G72: 入札金額は消費税抜き価格とし、当隊所定の予定価格の範囲内で最低入札者を落札者とする。 | AR72: 「物品の製造」又は「役務の提供等」の等級がＤ以上の者
E73: -3 | G73: 落札者となるべき最低入札者が２人以上ある場合は、くじ引きにより落札者を決定する。
E74: -4 | G74: １回の入札で落札決定できない場合は、直ちに再度入札を実施する場合がある。細部については、別示する。
E75: -5 | G75: 落札金額は、入札書に記載された金額に消費税額を加えた金額を落札金額（当該金額に１円未満の端数があるときは、その端数
G76: を切り捨てた金額）とする。
D78: 8 | F78: 契約書等の作成
E79: -1 | G79: 落札者は落札決定後遅滞なく「陸上自衛隊標準契約書」の様式により契約書を作成し、提出するものとする。
G80: 尚、契約金額が１００万円以上の場合は請書を、２５０万円以上の場合は契約書を作成する。
E81: -2 | G81: 適用する契約条項
H82: 「役務請負契約条項」
H83: 「談合等の不正行為に関する特約条項」
H84: 「暴力団排除に関する特約条項」
D91: 9 | F91: その他
E92: -1 | G92: 入札参加希望者は | L92: =AS35 -> 46296 | Q92: 0.70833333 | S92: までに下記の連絡先に一報すること。
E93: -2 | G93: 入札書には、「公告に対して「入札及び契約心得」及び「標準契約書等」の契約条項等を承諾のうえ入札いたします。また、
G94: 当社（私（個人の場合）、当団体（団体の場合））は「入札及び契約心得」に示された暴力団排除に関する誓約事項
G95: について誓約いたします。」を記入するものとする。
E96: -3 | G96: 仕様書等の入札関係書類は、下記の連絡先にて配布する。
E97: -4 | G97: 第２項（３）に示す資格審査結果通知書（写）は、入札開始までに提出すること。
E98: -5 | G98: 入札者が代表者の代理の時は、入札時に委任状を提出すること。
E99: -6 | G99: 本件入札においては郵便入札を可とする。
G100: 初度入札で郵便による入札参加者があった場合の再度入札の時期は、次のとおりとする。
F101: ア | G101: 時間：別示とする。
F102: イ | G102: 場所：神奈川県横須賀市御幸浜１－１ 陸上自衛隊武山駐屯地 諸隊教場 （北１号隊舎１階）
E103: -7 | G103: 市場価格調査票について協力いただける場合は、令和８年９月３０日（水）１３時００分までに提出をお願いします。（メール可）
E104: -8 | G104: 郵便入札により参加する場合は | N104: =AS37 -> 46296 | R104: =AS38 -> 0.66666667 | T104: までを期限とし、封筒に会社名、入札日時、件名及び入札書
G105: 在中と朱書きにより明記して輸送し、発送者の責により到着の確認をすること。
E106: -9 | G106: 本件事項に関する問い合わせ先
G107: 連絡先： | M107: 〒238-0317 神奈川県横須賀市御幸浜1-1 陸上自衛隊 武山駐屯地
M108: 第４０７会計隊 契約班 担当 ：宮元 | W108: 飯田 | Y108: TEL：０４６－８５６－１２９１（内線３４８）
G109: 仕様書に関する問い合わせ： | M109: 駐屯地業務隊 管理科 担当 ：渡辺 | AK109: TEL：０４６－８５６－１２９１（内線３１７）
M111: ※電子化の推進に伴い、ＦＡＸに代わりメール又は郵送での対応になります。 メールをご利用の際は、上記番号にご連絡をお願いいたします。

Sheet 入札書
B1: 入 札 書 | I1: 入 札 書
A4: ￥ | E4: (税抜き） | H4: ￥ | L4: (税抜き）
A6: 品名 | B6: 規格 | C6: 単位 | D6: 数量 | E6: 単価 | F6: 金額 | G6: 備考 | H6: 品名 | I6: 規格 | J6: 単位 | K6: 数量 | L6: 単価 | M6: 金額 | N6: 備考
A7: 募集用エコバッグ製作役務ほか３件 | B7: 仕様書のとおり | C7: 入札書のとおり | D7: 0 | G7: 仕様書番号 R5-52号 | H7: =公告!G21 -> 南４号隊舎空調機等借上役務 | I7: =公告!O21 -> 仕様書のとおり | J7: =公告!S21 -> ST | K7: =公告!U21 -> 1 | N7: =公告!AL21 -> 仕様書番号 R8-73
B8: 以下余白 | I8: =B8 -> 以下余白
A17: 合計 | H17: 合計
A18: 履行期限 | B18: 契約日～令和6年3月31日 | D18: 履行場所 | F18: 陸上自衛隊武山駐屯地 | H18: 履行期限 | I18: =公告!I25 -> 46356 | K18: 履行場所 | M18: =F18 -> 陸上自衛隊武山駐屯地
A19: 入札（見積）有効期間 | H19: 入札（見積）有効期間
A20: 公告に対して「入札及び契約心得」及び「標準契約書等」の契約条項を承諾のうえ入札いたします。また、当社（私（個人の場合）、当団体（団体の場合））は「入札及び契約心得」に示された暴力団排除に関する契約事項について誓約いたします。 | H20: =A20 -> 公告に対して「入札及び契約心得」及び「標準契約書等」の契約条項を承諾のうえ入札いたします。また、当社（私（個人の場合）、当団体（団体の場合））は「入札及び契約心得」に示された暴力団排除に関する契約事項について誓約いたします。
A22: 45316 | H22: =公告!O50 -> 46297
A24: 分任契約担当官 | H24: 分任契約担当官
A25: 陸上自衛隊武山駐屯地 | H25: 陸上自衛隊武山駐屯地 | J25: 住所
A26: 第４０７会計隊長 渡邊 竜也 殿 | D26: 住所 | H26: =A26 -> 第４０７会計隊長 渡邊 竜也 殿 | J26: 会社名
J27: 代表者役職・氏名
D28: 氏名
D29: 代理人 | J29: 担当者
J30: 連絡先
AS34: 令和6年5月8日(水)
AS36: 令和6年5月8日(水)

Sheet 市価調査票
A1: 市価調査票
A3: № | B3: 品 名 | C3: 規 格 | D3: 単位 | E3: 数量 | F3: 単価 | G3: 金額 | H3: 備考
B4: 南４号隊舎空調機等借上役務 | C4: 内訳書のとおり | D4: ST | E4: 1 | H4: 仕様書番号 R8-73
C5: 以下余白
D10: 必要に応じ、行を追加していただいても構いません
B11: 合 計
A12: ***製品情報*** | C12: 製品の特性、流通形態に応じた金額の記載を願います。
C13: 単価、金額について、税抜き金額で記載をお願いします。
C15: 住 所 会社名
C16: 代表者氏名 担当者名
C17: 連絡先
B18: 46295 | C18: 1３時までご提出お願いいたします（メール可）
AS32: 令和6年5月8日(水)
AS34: 令和6年5月8日(水)

Sheet 内訳書
B2: 内 訳 明 細 書
C4: 名 称 | D4: 規 格 | E4: 単位 | F4: 数量 | G4: 単価 | H4: 金額 | I4: 備考
C5: 南４号隊舎空調機等借上役務
B6: 1 | C6: レンタル料（エアコン）
C7: ５馬力床置エアコン | D7: ３相２００Ｖ ２ヵ月 | E7: 台 | F7: 6
B9: ２ | C9: 工事費
C10: エアコン取付・撤去 | E10: 台 | F10: 6
B12: 3 | C12: レンタル料（その他）
B13: （1） | C13: ドレンアップキット | E13: 台 | F13: 6
B14: （2） | C14: 窓用配管パネル | E14: 枚 | F14: 6
B15: （3） | C15: 発電機 | D15: 60／50ｋＶＡ | E15: 台 | F15: 1
B17: 4 | C17: 諸経費 | E17: 式 | F17: 1
B19: 5 | C19: 電気工事費 | E19: 式 | F19: 1
B21: 6 | C21: 運搬費 | E21: 式 | F21: 1
B23: 7 | C23: 小計
B24: 8 | C24: 消費税相当額
B25: 9 | C25: 合計
